 Dungeon Crawl Stone Soup version 0.32-a0-981-g384da2ce10 (webtiles) character file.

Game seed: 14557863146267812832

126 holysushi the Trooper (level 5, -2/36 HPs)
             Began as an Octopode Hexslinger on Apr 21, 2024.
             Slain by an orc wizard
             ... wielding a +0 dagger
              (4 damage)
             ... on level 2 of the Dungeon.
             The game lasted 00:04:43 (2681 turns).

holysushi the Trooper (Octopode Hexslinger)         Turns: 2681, Time: 00:04:43

Health: -2/36      AC:  1    Str:  8    XL:     5   Next: 9%
Magic:  7/7        EV:  9    Int: 17    God:
Gold:   73         SH:  7    Dex: 14    Spells: 7/7 levels left

rFire   . . .        k - +0 short sword
rCold   . . .        c - +0 kite shield
rNeg    . . .        (helmet restricted)
rPois   .            (no amulet)
rElec   .            (no ring)
rCorr   .            (no ring)
SInv    .            (no ring)
Will    .....        (no ring)
Stlth   ++           (no ring)
HPRegen 0.26/turn    (no ring)
MPRegen 0.10/turn    (no ring)
                     (no ring)

%: no passive effects
@: no status effects
A: almost no armour, amphibious, 8 rings, camouflage 1, gelatinous body 1,
(nimble swimmer 1), tentacles
a: no special abilities


You were on level 2 of the Dungeon.
You visited 1 branch of the dungeon, and saw 3 of its levels.

You collected 87 gold pieces.
You spent 14 gold pieces at shops.

Inventory:

Hand Weapons
 a - a +1 sling
 k - a +0 short sword (weapon)
Armour
 c - a +0 kite shield (worn)
Scrolls
 b - a scroll of poison
 d - a scroll of identify
 e - a scroll of summoning {unknown}
 j - 2 scrolls of immolation {unknown}
Potions
 f - 2 potions of curing
 g - 2 potions of ambrosia {unknown}
 h - a potion of degeneration
 i - a potion of heal wounds {unknown}
 l - a potion of mutation {unknown}


   Skills:
 - Level 3.6 Fighting
 + Level 1.0 Short Blades
 - Level 2.1 Ranged Weapons
 - Level 2.1 Dodging
 + Level 1.0 Shields
 + Level 1.6 Spellcasting
 - Level 3.1 Hexes
 - Level 1.1 Fire Magic


You had 7 spell levels left.
You didn't know any spells.
Your spell library contained the following spells:

 Spells                   Type           Power      Damage    Failure   Level
 Jinxbite                 Hex            24%        N/A       50%         2
 Sigil of Binding         Hex            12%        N/A       75%         3
 Inner Flame              Hex/Fire       8%         N/A       86%         3
 Cause Fear               Hex            6%         N/A       98%         4
 Dimensional Bullseye     Hex/Tloc       3%         N/A       100%        4


Dungeon Overview and Level Annotations

Branches:
Dungeon (3/15) Zot: 15270

Altars:

Shops:
D:1 :   D:2 !

Annotations:
D:3 Sigmund


Innate Abilities, Weirdness & Mutations

You cannot wear most types of armour.
You are amphibious.
You can wear up to eight rings at the same time.
Your skin changes colour to match your surroundings (Stealth+).
Your rubbery body absorbs attacks. (AC +1, EV +1)
((You are camouflaged when in or above water. (Stealth+)))
You have tentacles for arms and can constrict up to eight enemies at once.


Message History

Reactivating autopickup.
There is a stone staircase leading down here.
You start resting.
HP restored.
You climb downwards.
Level annotation: Sigmund
There is a stone staircase leading up here.
Something hits you.
Deactivating autopickup; reactivate with Ctrl-A.
You climb upwards.
Reactivating autopickup.
There is a stone staircase leading down here.
Deactivating autopickup; reactivate with Ctrl-A.
You hit something. You squeeze something. You block something's attack.
You miss something. Something hits you. x2
You hit something. Something hits you.
You hit something. Something hits you.
You miss something. You block something's attack.
You hit something but do no damage. Something hits you. x2
You barely miss something. You squeeze something. Something hits you.
You barely miss something.
You hear some strange, mumbled words.
A magic dart appears from out of thin air!
The magic dart hits you.
You miss something. Your squeeze misses something. Something hits you.
You miss something. You block something's attack.
Something hits you but does no damage.
You barely miss something.
You hear some strange, mumbled words.
Something tries to affect you, but you resist.
You feel better. Something hits you.
You hit something but do no damage. You squeeze something. Something hits you.
You miss something. You squeeze something. Something hits you.
* * * LOW HITPOINT WARNING * * *
You hit something but do no damage. Something hits you.
* * * LOW HITPOINT WARNING * * *
Something hits you.
* * * LOW HITPOINT WARNING * * *
You miss something. Something hits you.
You die...

...##.....####.#......# #....#
...##.....####.#......# #....#
...##.)...#....#......#####....#
...##.....#....#...............##
...##.....#....##.#.#######......
#.........####.##.#..............
#.###.......##.##.#..########..#.
#.# #.....#.#.........# #..#.
.#######........@.....# #....
..........#.###{#.###.# ##.#.
#########.#.# #.#.# #.########.#.
..#######.#.# #.#.# #........#.#.
............# #.#.#
#........#.#รท ..##........#
#.#.# #........#.#. ............#
#.#.###........#.#. ..##.......##
#.......########.#.
..###.###.#####......#.#######.#.


There were no monsters in sight!

Vanquished Creatures
  A bombardier beetle (D:3)
  2 adders (D:2)
  2 dart slugs (D:1)
  5 orcs
  5 bats
  4 endoplasms
  3 giant cockroaches
  6 goblins
  4 hobgoblins
  7 jackals
  3 quokkas
  5 ball pythons
  4 frilled lizards
  5 kobolds
  4 rats
60 creatures vanquished.

Notes
Turn   | Place    | Note
-------+----------+-------------------------------------------
     0 | D:1      | holysushi the Octopode Hexslinger began the quest for the
                  | Orb.
     0 | D:1      | Reached XP level 1. HP: 13/13 MP: 2/2
     6 | D:1      | Found Gacuer's Book Emporium.
    87 | D:1      | Reached XP level 2. HP: 9/18 MP: 3/3
   374 | D:1      | Reached XP level 3. HP: 20/24 MP: 4/4
   887 | D:2      | Found Sujast's Distillery.
   896 | D:2      | Bought a potion of degeneration for 14 gold pieces
  1036 | D:2      | Reached XP level 4. HP: 28/31 MP: 5/5
  2044 | D:3      | Noticed Sigmund
  2419 | D:3      | Reached XP level 5. HP: 35/36 MP: 7/7
  2569 | D:3      | Reached skill level 1 in Short Blades
  2654 | D:3      | Reached skill level 1 in Shields
  2681 | D:2      | Slain by an orc wizard

Illustrated notes

Levels and vault maps discovered:
D:1:      minmay_arrival_plants_in_alcoves, layout_rooms, serial_shops, shop
D:2:      layout_basic, serial_shops, nicolae_shop_hallway_stairs
D:3:      minmay_door_path, layout_loops_corners, nicolae_titane, uniq_sigmund

Skill      XL: |  1  2  3  4  5 |
---------------+----------------+-----
Fighting       | 2 3 |  3.6
Short Blades   | 1 |  1.0
Shields        | 1 |  1.0
Ranged Weapons | |  2.1
Dodging        | |  2.1
Spellcasting   | |  1.6
Hexes          | |  3.1
Fire Magic     | |  1.1

Action                     |  1- 3 |  4- 6 || total
---------------------------+-------+-------++-------
  Melee: Unarmed           |     9 |     5 ||    14
         Constrict         |     5 |     5 ||    10
         Tentacles         |     4 |     8 ||    12
         Short sword       |       |    34 ||    34
   Fire: Sling             |   105 |    29 ||   134
    Use: Scroll            |     3 |     2 ||     5
         Potion            |       |     1 ||     1
   Stab: Sleeping          |       |     2 ||     2
 Armour: Skin              |    36 |    35 ||    71
  Dodge: Dodged            |    43 |    19 ||    62
  Block: Kite shield       |       |     9 ||     9

Table legend: (Time is in decaauts)
 A = Elapsed time spent in this place.
 B = Non-inter-level travel time spent in this place.
 C = Inter-level travel time spent in this place.
 D = Time resting spent in this place.
 E = Time spent auto-exploring this place.
 F = Levels seen in this place.
 G = Mean time per level.
                   A        B        C        D        E       F      G
               +--------+--------+--------+--------+--------+-----+--------+
         Total |   2727 |   2456 |    271 |    344 |   1600 |   3 |  909.0 |
       Dungeon |   2727 |   2456 |    271 |    344 |   1600 |   3 |  909.0 |
               +--------+--------+--------+--------+--------+-----+--------+

Top non-repeatable levels by time:
     D:2: 1325 daAuts
     D:1: 762 daAuts
     D:3: 640 daAuts
